 Dungeon Crawl Stone Soup version 0.31-a0-640-g39d97e502b (webtiles) character file.

Game seed: 10838952861444666837

16 rvierbuc the Ducker (level 2, 0/22 HPs)
             Began as a Demonspawn Gladiator on Aug 29, 2023.
             Slain by a gnoll
             ... wielding a +0 club
              (6 damage)
             ... on level 1 of the Dungeon.
             The game lasted 00:00:58 (196 turns).

rvierbuc the Ducker (Demonspawn Gladiator)           Turns: 196, Time: 00:00:59

Health: 0/22       AC:  4    Str: 14    XL:     2   Next: 37%
Magic:  2/2        EV: 12    Int:  9    God:
Gold:   13         SH:  0    Dex: 14    Spells: 1/1 levels left

rFire   . . .        a - +0 war axe
rCold   . . .        (no shield)
rNeg    . . .        b - +0 leather armour
rPois   .            c - +0 helmet
rElec   .            (no cloak)
rCorr   .            (no gloves)
SInv    .            (no boots)
Will    .....        (no amulet)
Stlth   +            (no ring)
HPRegen 0.23/turn    (no ring)
MPRegen 0.08/turn

%: no passive effects
@: no status effects
A: spiny 1
a: no special abilities


You were on level 1 of the Dungeon.
You visited 1 branch of the dungeon, and saw 1 of its levels.

You collected 13 gold pieces.

Inventory:

Hand Weapons
 a - a +0 war axe (weapon)
Missiles
 d - 3 throwing nets (quivered)
 e - a javelin
Armour
 b - a +0 leather armour (worn)
 c - a +0 helmet (worn)
Potions
 f - 2 potions of cancellation {unknown}
 g - a potion of haste {unknown}
 h - a potion of degeneration {unknown}
 i - a potion of mutation {unknown}


   Skills:
 + Level 2.3 Fighting
 + Level 2.9 Axes
 + Level 2.1 Throwing
 + Level 2.9 Dodging


You had one spell level left.
You didn't know any spells.
Your spell library contained the following spells:

 Spells                   Type           Power      Damage    Failure   Level
 Ignite Poison            Fire/Tmut/Pois 0%         N/A       83%         3
 Sticky Flame             Conj/Fire      0%         2d3       99%         4
 Ignition                 Fire           0%         3d3       100%        8


Dungeon Overview and Level Annotations

Branches:
Dungeon (1/15)

Altars:


Innate Abilities, Weirdness & Mutations

You are partially covered in sharp spines.


Message History

i - a glowing black potion A gnoll comes into view.
It is wielding a +0 club.
A gnoll is nearby!
A bat and a frilled lizard come into view.
Found 13 gold pieces.
The frilled lizard hisses angrily.
Found a scroll labelled DIQEFO ZIDOHO.
The gnoll is struck by your spines. The gnoll hits you with a +0 club.
You barely miss the gnoll.
The gnoll is lightly wounded.
The bat closely misses you. The gnoll is struck by your spines.
The gnoll hits you with a +0 club.
You hit the gnoll.
The gnoll is severely wounded.
You hit the frilled lizard. The bat is struck by your spines.
The bat hits you but does no damage. The gnoll barely misses you.
The frilled lizard barely misses you.
You barely miss the gnoll.
The gnoll is severely wounded.
You closely miss the frilled lizard. The bat is struck by your spines.
You kill the bat!
The gnoll hits you with a +0 club.
The frilled lizard is struck by your spines.
You kill the frilled lizard!
The gnoll hits you with a +0 club.
* * * LOW HITPOINT WARNING * * *
You are too injured to fight recklessly!
You are too injured to fight recklessly!
You closely miss the gnoll.
The gnoll is severely wounded.
The gnoll barely misses you.
Unknown command.
You closely miss the gnoll.
The gnoll is severely wounded.
The gnoll closely misses you.
You completely miss the gnoll.
The gnoll is severely wounded.
The gnoll is struck by your spines. The gnoll barely misses you.
The gnoll hits you with a +0 club.
You die...

+..........#.###
....⌠
#..........#...#
.....
#..........###.####
#..
##....#..........#
###
#....#......###.# #
... #......# .. ##
#.#.#### +# #.
#.#.# #.. #..@#
....
?.....g.†......
###.
............... ##
...............
...............
.......$.......
.....##########
.....


You could see a gnoll.

Vanquished Creatures
  A dart slug (D:1)
  2 bats (D:1)
  An endoplasm (D:1)
  A giant cockroach (D:1)
  A goblin (D:1)
  3 jackals (D:1)
  2 kobolds (D:1)
  A frilled lizard (D:1)
12 creatures vanquished.

Notes
Turn   | Place    | Note
-------+----------+-------------------------------------------
     0 | D:1      | rvierbuc the Demonspawn Gladiator began the quest for the
                  | Orb.
     0 | D:1      | Reached XP level 1. HP: 16/16 MP: 1/1
   127 | D:1      | Gained mutation: You are partially covered in sharp spines.
                  | [demonic ancestry]
   127 | D:1      | Reached XP level 2. HP: 14/22 MP: 2/2
   196 | D:1      | Slain by a gnoll

Illustrated notes

Levels and vault maps discovered:
D:1:      dpeg_arrival_leaves_temple_mockup, layout_basic

Skill      XL: |  1 |
---------------+----+-----
Throwing       | 2 |  2.1
Fighting       | |  2.3
Axes           | |  2.9
Dodging        | |  2.9

Action                     || total
---------------------------++-------
  Melee: War axe           ||    26
 Armour: Leather armour    ||    15
  Dodge: Dodged            ||    35

Table legend: (Time is in decaauts)
 A = Elapsed time spent in this place.
 B = Non-inter-level travel time spent in this place.
 C = Inter-level travel time spent in this place.
 D = Time resting spent in this place.
 E = Time spent auto-exploring this place.
 F = Levels seen in this place.
 G = Mean time per level.
                   A        B        C        D        E       F      G
               +--------+--------+--------+--------+--------+-----+--------+
         Total |    204 |    204 |      0 |      0 |    144 |   1 |  204.0 |
       Dungeon |    204 |    204 |      0 |      0 |    144 |   1 |  204.0 |
               +--------+--------+--------+--------+--------+-----+--------+

Top non-repeatable levels by time:
     D:1: 204 daAuts
